 Dungeon Crawl Stone Soup version 0.28.0-45-g0d030f2227 (webtiles) character file.

Game seed: 15449891432974307042

133 NinjaNoafa the Digger (level 4, 0/35 HPs)
             Began as a Draconian Earth Elementalist on Apr 7, 2022.
             Was an Initiate of Makhleb.
             Slain by Grinder (3 damage)
             ... while paralysed by Grinder
             ... on level 4 of the Dungeon.
             The game lasted 00:06:55 (2362 turns).

NinjaNoafa the Digger (DrEE)                        Turns: 2362, Time: 00:06:56

Health: 0/35       AC:  7    Str: 13    XL:     4   Next: 94%
Magic:  4/8        EV:  2    Int: 15    God:    Makhleb [......]
Gold:   145        SH:  0    Dex: 11    Spells: 8/9 levels left

rFire   . . .      SeeInvis .   l - staff of earth
rCold   . . .      Faith    .   (no shield)
rNeg    . . .      Spirit   .   (armour unavailable)
rPois   .          Reflect  .   (helmet restricted)
rElec   .          Harm     .   f - +0 cloak
rCorr   .          Rampage  .   (no gloves)
Will    .....                   k - +0 pair of boots
Stlth   ++........              i - amulet of the acrobat
HPRegen 0.11/turn               (no ring)
MPRegen 0.11/turn               (no ring)

@: paralysed, hasted
A: AC +5, unfitting armour, cold-blooded
a: Renounce Religion


You were on level 4 of the Dungeon.
You worshipped Makhleb.
Makhleb was noncommittal.
You visited 1 branch of the dungeon, and saw 4 of its levels.

You collected 145 gold pieces.

Inventory:

Missiles
 b - 71 stones
Armour
 f - a +0 cloak (worn)
 k - a +0 pair of boots (worn)
Magical Staves
 l - a staff of earth (weapon)
Jewellery
 i - an amulet of the acrobat (around neck)
Wands
 m - a wand of mindburst (12)
 q - a wand of iceblast (7)
Scrolls
 a - a scroll of fear {unknown}
 g - a scroll of vulnerability {unknown}
 j - a scroll of teleportation {unknown}
 n - a scroll of amnesia {unknown}
 o - a scroll of holy word {unknown}
Potions
 c - a potion of degeneration {unknown}
 d - a potion of magic {unknown}
 e - a potion of heal wounds {unknown}
 h - a potion of haste
 p - a potion of attraction {unknown}


   Skills:
 + Level 1.5 Fighting
 + Level 2.3 Dodging
 + Level 2.5 Stealth
 + Level 3.0 Spellcasting
 + Level 2.0 Transmutations
 + Level 3.5 Earth Magic
 * Level 0.0 Evocations


You had 8 spell levels left.
You knew the following spells:

 Your Spells              Type           Power      Damage    Failure   Level
a - Sandblast             Erth           38%        2d10      4%          1

Your spell library contained the following spells:

 Spells                   Type           Power      Damage    Failure   Level
 Passwall                 Tmut/Erth      12%        N/A       10%         2
 Slow                     Hex            8%         N/A       21%         1
 Stone Arrow              Conj/Erth      22%        3d8       28%         3
 Confusing Touch          Hex            2%         N/A       52%         3
 Vampiric Draining        Necr           2%         2d6       52%         3
 Petrify                  Tmut/Erth      15%        N/A       54%         4


Dungeon Overview and Level Annotations

Branches:
Dungeon (4/15)
 Temple: D:4-7

Altars:
Makhleb
Ru

Annotations:
D:4 Grinder


Innate Abilities, Weirdness & Mutations

Your plain brown scales are hard. (AC +5)
You cannot fit into any form of body armour.
You are cold-blooded and may be slowed by cold attacks.


Message History

Confirm with . or Enter, or press ? or * to list all spells.
Aiming: Sandblast (safe; 4% risk of failure)
Press: ? - help, Shift-Dir - straight line, f/p - Grinder
Aim: Grinder (severely wounded, 77% to hit)
You feel a surge of power!
The blast of sand hits Grinder but does no damage.
Grinder is severely wounded.
Casting: Sandblast (safe; 4% risk of failure)
Confirm with . or Enter, or press ? or * to list all spells.
Aiming: Sandblast (safe; 4% risk of failure)
Press: ? - help, Shift-Dir - straight line, f/p - Grinder
Aim: Grinder (severely wounded, 77% to hit)
You feel a surge of power!
The blast of sand hits Grinder.
Grinder is almost dead.
Grinder gestures at you. Pain shoots through your body!
Casting: Sandblast (safe; 4% risk of failure)
Confirm with . or Enter, or press ? or * to list all spells.
Aiming: Sandblast (safe; 4% risk of failure)
Press: ? - help, Shift-Dir - straight line, f/p - Grinder
Aim: Grinder (almost dead, 77% to hit)
You feel a surge of power!
The blast of sand hits Grinder but does no damage.
Grinder is almost dead.
Grinder gestures at you. Pain shoots through your body!
* * * LOW HITPOINT WARNING * * *
It was a potion of haste.
You feel yourself speed up. Grinder hits you but does no damage.
You hear the slow rusting of a drain very nearby.
Grinder gestures at you.
You suddenly lose the ability to move!
Grinder gestures at you. You resist with significant effort.
Grinder gestures at you.
You shrug off the repeated paralysis!
Grinder gestures at you.
You barely resist. Grinder hits you.
You die...

######### #........
##########.#
...........#
##......###
####.#.#..###
#.<#.....#..#
#....#.#5#.##
#...#....@#..########
#######....#.........
#.....#.........
#.#.#.##########
#.....# . #.#.#..#
#......# ..#....#
##.#...##


You could see Grinder.

Vanquished Creatures
  Natasha (thrice) (D:2)
  2 adders (D:2)
  A worm (D:2)
  A dart slug (D:3)
  3 ball pythons (D:1)
  4 endoplasms
  2 giant cockroaches
  3 goblins
  3 hobgoblins
  5 bats
  4 frilled lizards
  3 kobolds (D:2)
  4 rats
38 creatures vanquished.

Notes
Turn   | Place    | Note
-------+----------+-------------------------------------------
     0 | D:1      | NinjaNoafa the Draconian Earth Elementalist began the quest
                  | for the Orb.
     0 | D:1      | Reached XP level 1. HP: 14/14 MP: 3/3
   177 | D:1      | Reached XP level 2. HP: 17/22 MP: 0/5
   762 | D:2      | Found a sacrificial altar of Ru.
   972 | D:2      | Noticed Natasha
   983 | D:2      | Killed Natasha
   984 | D:2      | Reached skill level 1 in Fighting
   984 | D:2      | Reached XP level 3. HP: 28/28 MP: 0/6
  1367 | D:2      | Noticed Natasha
  1374 | D:2      | Killed Natasha
  1375 | D:2      | Reached XP level 4. HP: 35/35 MP: 1/8
  1492 | D:2      | Noticed Natasha
  1501 | D:2      | Killed Natasha
  1623 | D:2      | Found a faded altar of an unknown god.
  2106 | D:3      | Found a burning altar of Makhleb.
  2113 | D:3      | Became a worshipper of Makhleb the Destroyer
  2330 | D:4      | Noticed Grinder
  2357 | D:4      | Paralysed by Grinder for 5 turns
  2362 | D:4      | Slain by Grinder

Illustrated notes

Levels and vault maps discovered:
D:1:      lightli_arrival_flooded_house, layout_loops_cross, st_stairs_12,
          minmay_tripent
D:2:      layout_loops_ring, basic_altar, dreamdust_ecumenical_altar_statues,
          uniq_natasha
D:3:      layout_basic, mainiacjoe_overflow_alcove_1
D:4:      layout_loops_ring, zin_treasury, grunt_dithmenos_smoke_and_mirrors,
          mainiacjoe_overflow_brackets, gup_sewer_entry_spiral,
          serial_co_window_serial, co_window_paths_b,
          co_window_of_opportunity_a, co_window_paths_a, co_window_paths_b,
          co_window_paths_b, co_window_unsneaky_path_a, co_window_paths_c,
          co_window_unsneaky_path_d, co_window_of_opportunity_c,
          co_window_2corner, co_window_unsneaky_path_a, co_window_cross_2,
          glass_columns_c, glass_columns_a, glass_columns_a, glass_columns_a,
          glass_columns_a, uniq_grinder, uniq_pikel, uniq_sigmund, uniq_ijyb

Skill      XL: |  1  2  3  4 |
---------------+-------------+-----
Stealth        | 2 |  2.5
Dodging        | 2 |  2.3
Fighting       | 1 |  1.5
Spellcasting   | 3 |  3.0
Transmutations | 2 |  2.0
Earth Magic    | |  3.5

Action                   |  1- 3 |  4- 6 || total
-------------------------+-------+-------++-------
Melee: Unarmed           |    26 |       ||    26
       Tailslap          |     5 |     2 ||     7
       Staff             |       |    31 ||    31
 Cast: Sandblast         |    34 |    21 ||    55
  Use: Potion            |       |     1 ||     1
Armor: Skin              |     8 |    16 ||    24
Dodge: Dodged            |    15 |    38 ||    53
